 Dungeon Crawl Stone Soup version 0.26-a0-863-g3bff4b215c (webtiles) character file.

Game seed: 1207238391590411318

70 miscthings the Slinger (level 4, -2/29 HPs)
             Began as a Halfling Hunter on Nov 26, 2020.
             Slain by Natasha (11 damage)
             ... on level 2 of the Dungeon.
             The game lasted 00:02:37 (1269 turns).

miscthings the Slinger (Halfling Hunter)            Turns: 1269, Time: 00:02:37

Health: -2/29      AC:  5    Str: 14    XL:     4   Next: 45%
Magic:  4/4        EV: 14    Int:  9    God:
Gold:   92         SH:  0    Dex: 14    Spells: 3/3 levels left

rFire    + . .     SeeInvis .   a - +1 hunting sling
rCold    . . .     Faith    .   (shield restricted)
rNeg     . . .     Spirit   .   c - +0 leather armour
rPois    .         Reflect  .   (no helmet)
rElec    .         Harm     .   (no cloak)
rCorr    .         Rampage  .   h - +0 pair of gloves
MR       .....                  l - +0 pair of boots
Stlth    +.........             (no amulet)
HPRegen  0.09/turn              j - ring of protection from fire
MPRegen  0.09/turn              (no ring)

@: no status effects
A: small, mutation resistance 1
a: no special abilities


You were on level 2 of the Dungeon.
You visited 1 branch of the dungeon, and saw 2 of its levels.

You collected 92 gold pieces.

Inventory:

Hand Weapons
 a - a +1 hunting sling (weapon)
 b - a +0 short sword
 g - a +1 vampiric dagger
Missiles
 d - 19 sling bullets (quivered)
 e - 11 stones
Armour
 c - a +0 leather armour (worn)
 h - a +0 pair of gloves (worn)
 l - a +0 pair of boots (worn)
Jewellery
 j - a ring of protection from fire (left hand)
Scrolls
 k - a scroll of magic mapping {unknown}
Potions
 f - a potion of berserk rage {unknown}
 i - a potion of curing {unknown}


   Skills:
 - Level 1.7 Fighting
 + Level 8.2 Slings
 - Level 2.1 Dodging
 - Level 1.1 Stealth


You had 3 spell levels left.
You didn't know any spells.
Your spell library was empty.

Dungeon Overview and Level Annotations

Branches:
Dungeon (2/15)

Altars:

Annotations:
D:2 Natasha


Innate Abilities, Weirdness & Mutations

You are small and have problems with some larger weapons.
You are somewhat resistant to further mutation.


Message History

The stone hits Natasha but does no damage.
Natasha is lightly wounded.
Natasha claws you!
You shoot a stone. The stone closely misses Natasha.
Natasha stares at you and mumbles some strange words.
The magic dart hits you.
You are too injured to fight recklessly!
Natasha barely misses you.
Natasha stares at you and mumbles some strange words.
The magic dart hits you.
You are too injured to fight recklessly!
You are too injured to fight recklessly!
Firing (i - inventory. (/) - cycle)
e - 12 stones (quivered)
Press: ? - help, Shift-Dir - straight line, f/p - Natasha
Aim: Natasha (strong)
You shoot a stone. The stone barely misses Natasha.
Quiver which item? (- for none, * to show all) (? for menu, Esc to quit)
Quivering
d - 19 sling bullets for slings.
Natasha claws you!
You die...

# #................# #..### ###.
##.####.######...# #..# ##.(.#
#.# #.# #### #..# ...8(.##.# #.#
#..# ...(...#.# #.# #..#
...>†....# #.# #########..###
(....((..# #.# #....>.......#
#8(..8##.####.######.########.#.#
........(......h@....# #....
###.#######.#.######## ###.. #
#.#.############# #)#
#..........<....# #.#
#######.#######.## #.# #.#
###...####.# #.# #...#......# #.#
#.#..<###### #.# #.##.##


You could see Natasha (strong).

Vanquished Creatures
  2 adders (D:2)
  A worm (D:2)
  3 dart slugs (D:1)
  6 goblins
  4 hobgoblins (D:1)
  10 jackals
  2 kobolds (D:2)
  A quokka (D:2)
  4 bats
  3 frilled lizards
  5 rats
41 creatures vanquished.

Notes
Turn   | Place    | Note
-------+----------+-------------------------------------------
     0 | D:1      | miscthings the Halfling Hunter began the quest for the Orb.
     0 | D:1      | Reached XP level 1. HP: 14/14 MP: 1/1
    26 | D:1      | Reached skill level 6 in Slings
    61 | D:1      | Reached XP level 2. HP: 18/19 MP: 2/2
   311 | D:1      | Reached skill level 7 in Slings
   311 | D:1      | Reached XP level 3. HP: 14/24 MP: 3/3
  1045 | D:2      | Reached XP level 4. HP: 29/29 MP: 4/4
  1169 | D:2      | Reached skill level 8 in Slings
  1249 | D:2      | Noticed Natasha
  1269 | D:2      | Slain by Natasha

Illustrated notes

Levels and vault maps discovered:
D:1:      saegor_arrival_simple_a, layout_loops_cross
D:2:      layout_loops_ring, grunt_ministairs_1, uniq_natasha

Skill      XL: |  1  2  3  4 |
---------------+-------------+-----
Slings         | 6 7 8 |  8.2
Fighting       | |  1.7
Dodging        | |  2.1
Stealth        | |  1.1

Action                   |  1- 3 |  4- 6 || total
-------------------------+-------+-------++-------
Melee: Short sword       |    24 |       ||    24
       Spear             |     3 |       ||     3
 Fire: Hunting sling     |    88 |    33 ||   121
  Use: Scroll            |     1 |       ||     1
Armor: Leather armour    |    11 |       ||    11
Dodge: Dodged            |    53 |     7 ||    60

Table legend: (Time is in decaauts)
 A = Elapsed time spent in this place.
 B = Non-inter-level travel time spent in this place.
 C = Inter-level travel time spent in this place.
 D = Time resting spent in this place.
 E = Time spent auto-exploring this place.
 F = Levels seen in this place.
 G = Mean time per level.
                   A        B        C        D        E       F      G
               +--------+--------+--------+--------+--------+-----+--------+
         Total |   1248 |   1238 |     10 |    210 |    704 |   2 |  624.0 |
       Dungeon |   1248 |   1238 |     10 |    210 |    704 |   2 |  624.0 |
               +--------+--------+--------+--------+--------+-----+--------+

Top non-repeatable levels by time:
     D:1: 984 daAuts
     D:2: 264 daAuts
